 Dungeon Sprint DCSS version 0.30-a0-377-g5cb311bc9f (webtiles) character file.

Game seed: 5872968175619791838

3790667 rocky1 the Middleweight Champion (level 21, 204/204 HPs)
             Began as a Gnoll Fighter on Nov 27, 2022.
             Was the Champion of Cheibriados.
             Escaped with the Orb
             ... and 3 runes!
             The game lasted 01:19:30 (17683 turns).

rocky1 the Middleweight Champion (Gnoll Fighter)   Turns: 17683, Time: 01:19:30

Health: 204/204    AC: 52    Str: 47    XL:     21   Next: 80%
Magic:  52/52      EV: 35    Int: 29    God:    Cheibriados [******]
Gold:   384        SH: 33    Dex: 31    Spells: 16/74 levels left

rFire   + + .      SeeInvis .    S - +9 broad axe (flame)
rCold   + + .      Faith    .    D - +3 tower shield {reflect}
rNeg    + + +      Spirit   .    q - +14 gold dragon scales
rPois   +          Reflect  +    r - +1 helmet of Pexilapi {Contam rN++ Will- Str+8}
rElec   .          Harm     .    b - +4 dragonskin cloak
rCorr   .          Rampage  .    u - +2 pair of gloves {Dex+3}
Will    ++++.      Clarity  +    B - +2 pair of boots of Generosity {Dex+3}
Stlth   ++........ NoTele   +    x - amulet of the Four Winds {rN+ Will+++ Clar}
HPRegen 0.54/turn                o - ring of the Ego {rC- rN+ Will+ Slay+5 Stlth+}
MPRegen 0.33/turn                A - ring "Ytad" {rF+ rC+}

@: studying Unarmed Combat, very slow
A: fangs 1, strong nose, distributed training, clever 1, cold resistance 1,
deformed body, poison resistance, screaming 1
0: Orb of Zot
}: 3/3 runes: silver, golden, iron
a: Renounce Religion, Bend Time, Temporal Distortion, Slouch, Step From Time


You escaped.
You worshipped Cheibriados.
Cheibriados was exalted by your worship.
You visited 1 branch You collected 384 gold pieces.

Inventory:

Hand Weapons
 c - a +11 vampiric demon blade
 m - a +9 vampiric demon trident
 v - a +1 eveningstar of protection
 C - the +6 sword of Cerebov {flame}
   (You took it off Cerebov in the Dungeon)

   It burns those it strikes, dealing additional fire damage.
   Big, fiery blades are also staple armaments of hydra-hunters.
   It temporarily reduces the fire resistance of those it strikes.
 K - a +6 eudemon blade of holy wrath
 S - a +9 broad axe of flaming (weapon)
Missiles
 z - 4 silver javelins
 G - 9 javelins (quivered)
Armour
 b - the +4 dragonskin cloak (worn)
   (You took it off Tiamat in the Dungeon)

   It grants the wearer a chance to resist fire, cold, poison, electricity,
   acid, and negative energy.
 q - +14 gold dragon scales (worn)
 r - the +1 helmet of Pexilapi (worn) {Contam rN++ Will- Str+8}
   (You found it in the Dungeon)

   Str:       It affects your strength (+8).
   rN:        It greatly protects you from negative energy.
   Contam:    It causes magical contamination when unequipped.
   Will:      It decreases your willpower.
 s - the +18 shield of the Gong {rElec rN+ Will+ EV-5}
   (You found it in the Dungeon)

   It is deafeningly noisy when blocking attacks.
   EV:        It affects your evasion (-5).
   rElec:     It insulates you from electricity.
   rN:        It protects you from negative energy.
   Will:      It increases your willpower.
 u - a +2 pair of gloves of dexterity (worn)
 B - the +2 pair of boots of Generosity (worn) {Dex+3}
   (You found it in the Dungeon)

   Dex:       It affects your dexterity (+3).
 D - a +3 tower shield of reflection (worn)
 X - the +1 chain mail of Plasticity {rC++ Int+3}
   (You took it off a cherub in the Dungeon)

   Int:       It affects your intelligence (+3).
   rC:        It greatly protects you from cold.
 Y - the +8 tower shield of Bitterness {Str+2}
   (You took it off a daeva in the Dungeon)

   Str:       It affects your strength (+2).
Jewellery
 o - the ring of the Ego (left hand) {rC- rN+ Will+ Slay+5 Stlth+}
   (You found it in the Dungeon)

   [ring of willpower]

   Slay:      It affects your accuracy & damage with ranged weapons and melee
   (+5).
   rC:        It makes you vulnerable to cold.
   rN:        It protects you from negative energy.
   Will:      It increases your willpower.
   Stlth:     It makes you more stealthy.
 x - the amulet of the Four Winds (around neck) {rN+ Will+++ Clar}
   (You found it in the Dungeon)

   [amulet of nothing]

   rN:        It protects you from negative energy.
   Clar:      It protects you against confusion.
   Will:      It greatly increases your willpower.
 y - an amulet of reflection
 A - the ring "Ytad" (right hand) {rF+ rC+}
   (You found it in the Dungeon)

   [ring of protection from fire]

   rF:        It protects you from fire.
   rC:        It protects you from cold.
 H - the ring "Syttyno" {rElec rC+ rN+ Dex+2 Stlth-}
   (You took it off a yaktaur captain in the Dungeon)

   [ring of protection from cold]

   Dex:       It affects your dexterity (+2).
   rC:        It protects you from cold.
   rElec:     It insulates you from electricity.
   rN:        It protects you from negative energy.
   Stlth:     It makes you less stealthy.
Wands
 a - a wand of mindburst (7)
Scrolls
 l - 6 scrolls of amnesia
 I - 2 scrolls of poison
 M - 2 scrolls of fear
 Q - 3 scrolls of butterflies
 R - a scroll of identify
Potions
 d - a potion of might
 e - 16 potions of curing
 f - a potion of heal wounds
 g - 6 potions of brilliance
 h - 7 potions of magic
 i - 7 potions of berserk rage
 k - a potion of invisibility
 n - 11 potions of mutation
 w - 2 potions of cancellation
 J - 2 potions of resistance
Miscellaneous
 p - a tin of tremorstones (2/2)
 t - a lightning rod (4/4)
 L - a condenser vane


   Skills:
 O Level 27 Fighting
 O Level 27 Short Blades
 O Level 27 Long Blades
 O Level 27 Axes
 O Level 27 Maces & Flails
 O Level 27 Polearms
 O Level 27 Staves
 O Level 27 Ranged Weapons
 O Level 27 Throwing
 O Level 27 Armour
 O Level 27 Dodging
 O Level 27 Stealth
 O Level 27 Shields
 O Level 27 Unarmed Combat
 O Level 27 Spellcasting
 O Level 27 Conjurations
 O Level 27 Hexes
 O Level 27 Summonings
 O Level 27 Necromancy
 O Level 27 Translocations
 O Level 27 Transmutations
 O Level 27 Fire Magic
 O Level 27 Ice Magic
 O Level 27 Air Magic
 O Level 27 Earth Magic
 O Level 27 Poison Magic
 O Level 27 Invocations
 O Level 27 Evocations


You had 16 spell levels left.
You knew the following spells:

 Your Spells              Type           Power      Damage    Failure   Level
a - Ignition              Fire           57%        3d16      1%          8
b - Iron Shot             Conj/Erth      57%        9d11      0%          6
c - Chain Lightning       Conj/Air       57%        3d76      3%          9
d - Blink                 Tloc           100%       N/A       0%          2
e - Manifold Assault      Tloc           100%       N/A       0%          4
f - Dragon Form           Tmut           57%        N/A       1%          7
g - Dragon's Call         Summ           57%        N/A       3%          9
h - Silence               Hex/Air        57%        N/A       0%          5
i - Maxwell's Capacitive  Air            57%        ∞         1%          8

Your spell library contained the following spells:

 Spells                   Type           Power      Damage    Failure   Level
 Freeze                   Ice            100%       1d10      0%          1
 Magic Dart               Conj           100%       1d8       0%          1
 Necrotise                Necr           100%       1d9       0%          1
 Sting                    Tmut/Pois      100%       1d8       0%          1
 Call Imp                 Summ           100%       N/A       0%          2
 Cigotuvi's Dreadful Rot  Necr/Pois/Air  100%       N/A       0%          2
 Ensorcelled Hibernation  Hex/Ice        100%       N/A       0%          2
 Momentum Strike          Conj/Tloc      100%       3d10      0%          2
 Passwall                 Tmut/Erth      95%        N/A       0%          2
 Poisonous Vapours        Pois/Air       100%       N/A       0%          2
 Searing Ray              Conj           100%       2d8       0%          2
 Dazzling Flash           Conj/Hex       100%       N/A       0%          3
 Frozen Ramparts          Ice            100%       1d16      0%          3
 Hailstorm                Conj/Ice       100%       3d20      0%          3
 Inner Flame              Hex/Fire       100%       N/A       0%          3
 Kindle Blastsparks       Fire/Tloc/Air  100%       2d18      0%          3
 Lesser Beckoning         Tloc           100%       N/A       0%          3
 Swiftness                Air            100%       N/A       0%          3
 Tukima's Dance           Hex            100%       N/A       0%          3
 Vampiric Draining        Necr           100%       2d13      0%          3
 Animate Armour           Summ/Erth      100%       N/A       0%          4
 Animate Dead             Necr           100%       N/A       0%          4
 Cause Fear               Hex            57%        N/A       0%          4
 Dispel Undead            Necr           100%       3d31      0%          4
 Flame Wave               Conj/Fire      100%       2d21      0%          4
 Fulminant Prism          Conj/Hex       57%        3d24      0%          4
 Ice Form                 Ice/Tmut       100%       N/A       0%          4
 Olgreb's Toxic Radiance  Pois           100%       N/A       0%          4
 Passage of Golubria      Tloc           100%       N/A       0%          4
 Sticky Flame             Conj/Fire      100%       2d11      0%          4
 Summon Lightning Spire   Summ/Air       100%       N/A       0%          4
 Agony                    Necr           100%       N/A       0%          5
 Blade Hands              Tmut           57%        N/A       0%          5
 Borgnjor's Vile Clutch   Necr/Erth      57%        N/A       0%          5
 Summon Forest            Summ/Tloc      57%        N/A       0%          5
 Yara's Violent Unravell  Hex/Tmut       57%        3d22      0%          5
 Death Channel            Necr           57%        N/A       0%          6
 Dispersal                Tloc           57%        N/A       0%          6
 Simulacrum               Ice/Necr       57%        N/A       0%          6
 Enfeeble                 Hex            57%        N/A       1%          7
 Malign Gateway           Summ/Tloc      57%        N/A       1%          7
 Ozocubu's Refrigeration  Ice            57%        4d20      1%          7
 Spellforged Servitor     Conj/Summ      57%        N/A       1%          7
 Storm Form               Tmut/Air       57%        N/A       1%          7
 Disjunction              Tloc           57%        N/A       1%          8


Dungeon Overview and Level Annotations

Branches:
Dungeon (1/1)

Altars:
Ashenzari
Cheibriados
Dithmenos
Elyvilon
Fedhas
Gozag
Hepliaklqana
Kikubaaqudgha
Makhleb
Nemelex Xobeh
Okawaru
Qazlal
Ru
Sif Muna
Trog
Uskayaw
Vehumet
Wu Jian
Xom
Yredelemnul
Zin
The Shining One
Jiyva
Lugonu


Innate Abilities, Weirdness & Mutations

You have very sharp teeth.
Your uncanny sense of smell can sniff out nearby items.
Your experience applies equally to all skills.
Your mind is acute. (Int +4, Str/Dex -1)
Your flesh is cold resistant. (rC+)
Armour fits poorly on your strangely shaped body.
Your system is resistant to poisons. (rPois)
You occasionally shout uncontrollably at your foes.


Message History

You feel sick.
You are no longer poisoned.
There is a huge open gate to the Final Vault (Nightmare!) here.
An ice devil comes into view.
You howl at the ice devil!
There is a huge open gate to the Final Vault (Nightmare!) here.
The ice devil moves out of view.
An efreet comes into view.
It is wielding a +3 scimitar of flaming.
The efreet moves out of view.
The ice devil completely misses you. x2
You slice the ice devil!! You burn the ice devil!!
You kill the ice devil!
Cheibriados appreciates the change of pace.
You block the efreet's attack. The efreet gestures at you.
The bolt of fire misses you.
You carve the efreet like a ham!!! You bite the efreet, but do no damage.
The efreet is almost dead.
You block the efreet's attack.
You barely miss the efreet. You bite the efreet, but do no damage.
The efreet is almost dead.
The efreet gestures at you. The bolt of fire misses you.
You hit the efreet.
You kill the efreet!
Cheibriados appreciates the change of pace.
There is a huge open gate to the Vestibule (Extremely Hard) here.
There is a huge open gate to the Vestibule (Extremely Hard), spattered with blood here.
You open the huge gate.
There is a huge open gate to the Grid Vault (Hard) here.
There is a huge open gate to the Main Hall (Safe) here.
You open the huge gate.
There is a huge open gate to the Grid Vault (Hard) here.
There is a huge open gate to the Grid Vault (Hard) here.
You open the door.
There is an open door to the Entrance Hall (Safe) here.
There is a staircase leading out of the dungeon here.
You can't go down here!
There are no items here.
You have escaped!

##########.##................''..
#...........'................''..
#'#####'#####......#..#......##..
#.#....)#..##................##..
#.#.....#))#####'#####''#########
#.###'###.)##.......##''#########
#[#...).#))##.......##..#........
#.#.....#..##.......##..##...)...
#.####†##'###...@...##..####.).#[
#.#........##.......##..#..#####.
#.#........##.......##..#....##..
#'###########.......##..'.....#..
#.......#..*##########.('.....'..
#.###...#.############..'.....#..
#.#.)...#.#....#..[.##..#....##..
#.#...#.#)#....#..[.##..#..#####.
#.....#.#.'....'...)##..####...#'


There were no monsters in sight!

Vanquished Creatures
  Cerebov (D)
  Dissolution (D)
  the Royal Jelly (D)
  Gloorx Vloq (D)
  A seraph (D)
  Tiamat (D)
  2 ancient liches (D)
  An orb of fire (D)
  Mennas (D)
  A juggernaut (D)
  Mara (D)
  6 royal mummies (D)
  Margery (D)
  the Lernaean hydra (D)
  Xtahua (D)
  3 Killer Klowns (D)
  2 curse toes (D)
  3 golden dragons (D)
  Nikola (D)
  Jory (D)
  A profane servitor (D)
  6 pearl dragons (D)
  3 bone dragons (D)
  6 Brimstone Fiends (D)
  A Tzitzimitl (D)
  2 tentacled monstrosities (D)
  5 liches (D)
  4 electric golems (D)
  26 Orb Guardians (D)
  3 Ice Fiends (D)
  7 titans (D)
  4 deep elf master archers (D)
  2 quicksilver dragons (D)
  6 acid blobs (D)
  2 Executioners (D)
  Frances (D)
  A sphinx (D)
  2 shadow dragons (D)
  A death cob (D)
  2 pandemonium lords (D)
  2 draconian knights (D)
  A storm dragon (D)
  21 daevas (D)
  Donald (D)
  6 fire giants (D)
  9 azure jellies (D)
  2 frost giants (D)
  2 nagarajas (D)
  6 rockslimes (D)
  3 deep elf sorcerers (D)
  2 iron dragons (D)
  Aizul (D)
  2 ghost moths (D)
  Louise (D)
  2 draconian scorchers (D)
  3 ghouls (D)
  A draconian stormcaller (D)
  A draconian shifter (D)
  2 spriggan defenders (D)
  A cacodemon (D)
  3 balrugs (D)
  2 orc warlords (D)
  A war gargoyle (D)
  A draconian annihilator (D)
  A reaper (D)
  An ophan (D)
  24 angels (D)
  A quicksilver ooze (D)
  3 vampire knights (D)
  5 white draconians (D)
  4 dire elephants (D)
  2 green draconians (D)
  3 red draconians (D)
  2 deep elf annihilators (D)
  4 purple draconians (D)
  3 deep elf demonologists (D)
  2 minotaurs (D)
  3 lorocyprocas (D)
  6 yellow draconians (D)
  6 green deaths (D)
  A deep elf death mage (D)
  3 blizzard demons (D)
  2 fire dragons (D)
  A mummy priest (D)
  Harold (D)
  4 hydras (D)
  A hell beast (D)
  3 yaktaur captains (D)
  4 ice dragons (D)
  A rakshasa (D)
  2 ogre magi (D)
  3 vault guards (D)
  5 catoblepae (D)
  5 two-headed ogres (D)
  An anaconda (D)
  3 merfolk avatars (D)
  A death yak (D)
  3 naga warriors (D)
  A merfolk aquamancer (D)
  A dancing weapon (D)
  A deep troll shaman (D)
  An alligator (D)
  12 hell hogs (D)
  2 vampire magi (D)
  Urug (D)
  A spriggan berserker (D)
  A deep elf knight (D)
  A soul eater (D)
  3 hell knights (D)
  A sixfirhy (D)
  3 iron trolls (D)
  34 cherubim (D)
  5 sun demons (D)
  A fire crab (D)
  2 sea snakes (D)
  4 deep trolls (D)
  2 flayed ghosts (D)
  5 swamp dragons (D)
  11 orc knights (D)
  5 bog bodies (D)
  3 wizards (D)
  A naga ritualist (D)
  2 necromancers (D)
  4 lindwurms (D)
  A deep elf pyromancer (D)
  2 wolf spiders (D)
  2 cyclopes (D)
  7 elephants (D)
  A manticore (D)
  A moth of wrath (D)
  A molten gargoyle (D)
  A guardian serpent (D)
  3 smoke demons (D)
  2 naga magi (D)
  A rust devil (D)
  3 hellions (D)
  Psyche (D)
  3 efreet (D)
  4 rime drakes (D)
  3 komodo dragons (D)
  3 ice devils (D)
  A demonic crawler (D)
  16 yaktaurs (D)
  A red devil (D)
  A hornet (shapeshifter) (D)
  A wind drake (D)
  2 hornets (D)
  A tarantella (D)
  3 blink frogs (D)
  4 slime creatures (D)
  A snapping turtle (D)
  An air elemental (D)
  A water elemental (D)
  6 wyverns (D)
  2 flying skulls (D)
  A spriggan (D)
  A small abomination (D)
  A fire bat (D)
  5 basilisks (D)
  3 golden eyes (D)
  2 chaos spawn (D)
  Menkaure (D)
  2 neqoxecs (D)
  6 steam dragons (D)
  6 acid dragons (D)
  A naga (D)
  4 hell hounds (D)
  12 swamp drakes (D)
  2 floating eyes (D)
  A large abomination (D)
  4 orc warriors (D)
  An ogre (D)
  3 centaurs (D)
  A phantom (D)
  A necrophage (D)
  An earth elemental (D)
  A quasit (D)
  A gnoll bouda (D)
  An iguana (D)
  2 hell rats (D)
  An orc wizard (D)
  2 adders (D)
  7 gnolls (D)
  2 ufetubi (D)
  An adder zombie (D)
  An adder skeleton (D)
  7 orcs (D)
  A bat (D)
  An endoplasm (D)
  3 giant cockroaches (D)
  A goblin (D)
  2 jackals (D)
  A kobold (D)
  A quokka (D)
  2 frilled lizards (D)
591 creatures vanquished.

Vanquished Creatures (others)
  An ancient lich (D)
  A Brimstone Fiend (D)
  A spriggan defender (D)
  2 fire dragons (D)
  A death knight (D)
  2 wizards (D)
  An orc knight (D)
  A naga mage (D)
  A golden eye (D)
  An acid dragon (D)
  A swamp drake (D)
  An ufetubus (D)
  A quokka (D)
15 creatures vanquished.

Grand Total: 606 creatures vanquished

Notes
Turn   | Place    | Note
-------+----------+-------------------------------------------
     0 | D        | rocky1 the Gnoll Fighter began the quest for the Orb.
     0 | D        | Reached XP level 1. HP: 23/23 MP: 1/1
    11 | D        | Noticed a floating eye
    15 | D        | Killed a floating eye
    16 | D        | Reached skill level 5 in Polearms
    16 | D        | Reached XP level 2. HP: 31/31 MP: 1/6
    16 | D        | Reached XP level 3. HP: 36/36 MP: 1/7
    16 | D        | Reached XP level 4. HP: 43/43 MP: 1/8
    21 | D        | Found a bloodstained altar of Trog.
    21 | D        | Found a shimmering blue altar of Sif Muna.
    21 | D        | Found a viscous altar of Jiyva.
    21 | D        | Found a hazy altar of Hepliaklqana.
    21 | D        | Found an opulent altar of Gozag.
    44 | D        | Found a glowing golden altar of the Shining One.
    44 | D        | Found a glowing silver altar of Zin.
    44 | D        | Found a basalt altar of Yredelemnul.
    44 | D        | Found a shimmering altar of Xom.
    44 | D        | Found an ornate altar of the Wu Jian Council.
    44 | D        | Found a sacrificial altar of Ru.
    44 | D        | Found a stormy altar of Qazlal.
    44 | D        | Found an iron altar of Okawaru.
    44 | D        | Found a sparkling altar of Nemelex Xobeh.
    44 | D        | Found a burning altar of Makhleb.
    44 | D        | Found a blossoming altar of Fedhas.
    44 | D        | Found a white marble altar of Elyvilon.
    44 | D        | Found a shadowy altar of Dithmenos.
    44 | D        | Found a snail-covered altar of Cheibriados.
    48 | D        | Found a corrupted altar of Lugonu.
    48 | D        | Found a radiant altar of Vehumet.
    49 | D        | Found a broken altar of Ashenzari.
    49 | D        | Found an ancient bone altar of Kikubaaqudgha.
    49 | D        | Found a hide-covered altar of Uskayaw.
    55 | D        | Became a worshipper of Cheibriados the Contemplative
    78 | D        | Reached * piety under Cheibriados
    88 | D        | Reached ** piety under Cheibriados
    89 | D        | Reached XP level 5. HP: 48/48 MP: 9/9
   206 | D        | Reached *** piety under Cheibriados
   283 | D        | Reached **** piety under Cheibriados
   293 | D        | Noticed an ogre
   300 | D        | Killed an ogre
   300 | D        | Reached ***** piety under Cheibriados
   301 | D        | Reached skill level 5 in Invocations
   301 | D        | Reached XP level 6. HP: 45/56 MP: 12/12
   338 | D        | Noticed a flying skull
   347 | D        | Killed a flying skull
   348 | D        | Reached skill level 5 in Short Blades
   348 | D        | Reached skill level 5 in Long Blades
   348 | D        | Reached skill level 5 in Axes
   348 | D        | Reached skill level 5 in Maces & Flails
   348 | D        | Reached skill level 5 in Staves
   348 | D        | Reached skill level 5 in Ranged Weapons
   348 | D        | Reached skill level 5 in Throwing
   348 | D        | Reached skill level 5 in Dodging
   348 | D        | Reached skill level 5 in Stealth
   348 | D        | Reached skill level 5 in Unarmed Combat
   348 | D        | Reached skill level 5 in Spellcasting
   348 | D        | Reached skill level 5 in Evocations
   348 | D        | Reached XP level 7. HP: 40/63 MP: 12/14
   435 | D        | Noticed a steam dragon
   443 | D        | Killed a steam dragon
   514 | D        | Reached ****** piety under Cheibriados
   617 | D        | Noticed Menkaure
   617 | D        | Noticed a rime drake
   624 | D        | Killed a rime drake
   625 | D        | Reached skill level 5 in Conjurations
   625 | D        | Reached skill level 5 in Hexes
   625 | D        | Reached skill level 5 in Summonings
   625 | D        | Reached skill level 5 in Necromancy
   625 | D        | Reached skill level 5 in Translocations
   625 | D        | Reached skill level 5 in Transmutations
   625 | D        | Reached skill level 5 in Fire Magic
   625 | D        | Reached skill level 5 in Ice Magic
   625 | D        | Reached skill level 5 in Air Magic
   625 | D        | Reached skill level 5 in Earth Magic
   625 | D        | Reached skill level 5 in Poison Magic
   625 | D        | Reached XP level 8. HP: 21/71 MP: 15/17
   628 | D        | Killed Menkaure
   909 | D        | Noticed a cyclops
   909 | D        | Noticed a demonic crawler
   916 | D        | Killed a demonic crawler
   922 | D        | Killed a cyclops
   923 | D        | Reached skill level 10 in Fighting
   923 | D        | Reached skill level 10 in Armour
   923 | D        | Reached skill level 10 in Shields
   923 | D        | Reached XP level 9. HP: 69/78 MP: 14/20
   972 | D        | Noticed an elephant
   972 | D        | Noticed a komodo dragon
   995 | D        | Killed an elephant
  1004 | D        | Killed a komodo dragon
  1053 | D        | Noticed a smoke demon
  1054 | D        | Noticed an efreet
  1054 | D        | Noticed a bog body
  1061 | D        | Killed a bog body
  1066 | D        | Killed a smoke demon
  1067 | D        | Reached XP level 10. HP: 33/86 MP: 22/22
  1074 | D        | Reached skill level 10 in Polearms
  1247 | D        | Noticed a sea snake
  1257 | D        | Killed a sea snake
  1272 | D        | Reached skill level 10 in Invocations
  1392 | D        | Noticed a death yak
  1392 | D        | Noticed a flayed ghost
  1400 | D        | Killed a flayed ghost
  1409 | D        | Killed a death yak
  1496 | D        | Noticed Urug
  1496 | D        | Noticed a cyclops
  1496 | D        | Noticed a sixfirhy
  1497 | D        | Noticed a vampire knight
  1497 | D        | Paralysed by a vampire knight for 2 turns
  1504 | D        | Killed Urug
  1505 | D        | Killed a vampire knight
  1506 | D        | Reached skill level 10 in Short Blades
  1506 | D        | Reached skill level 10 in Long Blades
  1506 | D        | Reached skill level 10 in Axes
  1506 | D        | Reached skill level 10 in Maces & Flails
  1506 | D        | Reached skill level 10 in Staves
  1506 | D        | Reached skill level 10 in Ranged Weapons
  1506 | D        | Reached skill level 10 in Throwing
  1506 | D        | Reached skill level 10 in Dodging
  1506 | D        | Reached skill level 10 in Stealth
  1506 | D        | Reached skill level 10 in Unarmed Combat
  1506 | D        | Reached skill level 10 in Spellcasting
  1506 | D        | Reached skill level 10 in Evocations
  1506 | D        | Reached XP level 11. HP: 71/95 MP: 3/25
  1509 | D        | Killed a cyclops
  1511 | D        | Killed a sixfirhy
  1587 | D        | Noticed a flayed ghost
  1588 | D        | Noticed a lindwurm
  1591 | D        | Killed a flayed ghost
  1594 | D        | Killed a lindwurm
  1663 | D        | Found the amulet of the Four Winds {rN+ Will+++ Clar}
  1897 | D        | Noticed a two-headed ogre
  1897 | D        | Noticed a two-headed ogre
  1897 | D        | Noticed a seven-headed hydra
  1900 | D        | Killed a two-headed ogre
  1902 | D        | Killed a two-headed ogre
  1902 | D        | Noticed a two-headed ogre
  1903 | D        | Killed a seven-headed hydra
  1906 | D        | Killed a two-headed ogre
  1907 | D        | Reached XP level 12. HP: 44/105 MP: 6/27
  1910 | D        | Noticed a two-headed ogre
  1928 | D        | Noticed an ogre mage
  1929 | D        | Noticed a two-headed ogre
  1931 | D        | Killed a two-headed ogre
  1932 | D        | Killed an ogre mage
  1937 | D        | Killed a two-headed ogre
  1938 | D        | Reached skill level 10 in Conjurations
  1938 | D        | Reached skill level 10 in Hexes
  1938 | D        | Reached skill level 10 in Summonings
  1938 | D        | Reached skill level 10 in Necromancy
  1938 | D        | Reached skill level 10 in Translocations
  1938 | D        | Reached skill level 10 in Transmutations
  1938 | D        | Reached skill level 10 in Fire Magic
  1938 | D        | Reached skill level 10 in Ice Magic
  1938 | D        | Reached skill level 10 in Air Magic
  1938 | D        | Reached skill level 10 in Earth Magic
  1938 | D        | Reached skill level 10 in Poison Magic
  2363 | D        | Noticed a minotaur
  2378 | D        | Killed a minotaur
  2520 | D        | Noticed a hell hog
  2520 | D        | Noticed Donald
  2520 | D        | Noticed a hell hog
  2521 | D        | Noticed a hell hog
  2523 | D        | Killed a hell hog
  2523 | D        | Killed a hell hog
  2523 | D        | Noticed a hell hog
  2525 | D        | Killed Donald
  2527 | D        | Killed a hell hog
  2528 | D        | Killed a hell hog
  2608 | D        | Noticed an orc warlord
  2609 | D        | Noticed an orc warlord
  2629 | D        | Killed an orc warlord
  2663 | D        | Reached XP level 13. HP: 71/114 MP: 29/29
  2871 | D        | Killed an orc warlord
  2901 | D        | Noticed a vault guard
  2930 | D        | Noticed a vault guard
  2932 | D        | Killed a vault guard
  2943 | D        | Killed a vault guard
  2948 | D        | Reached skill level 15 in Fighting
  2948 | D        | Reached skill level 15 in Armour
  2948 | D        | Reached skill level 15 in Shields
  3132 | D        | Reached skill level 15 in Invocations
  3345 | D        | Noticed a vault guard
  3357 | D        | Killed a vault guard
  3530 | D        | Noticed a vampire knight
  3530 | D        | Noticed a dire elephant
  3549 | D        | Killed a dire elephant
  3558 | D        | Killed a vampire knight
  3559 | D        | Reached skill level 15 in Polearms
  3865 | D        | Noticed a minotaur
  3866 | D        | Paralysed by an air elemental for 1 turns
  3876 | D        | Killed a minotaur
  3884 | D        | Noticed Aizul
  3894 | D        | Killed Aizul
  3902 | D        | Reached XP level 14. HP: 124/124 MP: 26/32
  3919 | D        | Paralysed by an air elemental for 1 turns
  3928 | D        | Noticed Psyche
  3933 | D        | Identified the ring "Nomom" {rPois Int+6}
  3933 | D        | Noticed a yellow draconian
  3941 | D        | Killed a yellow draconian
  3948 | D        | Noticed Harold
  3949 | D        | Killed Psyche
  3952 | D        | Killed Harold
  3953 | D        | Reached skill level 15 in Short Blades
  3953 | D        | Reached skill level 15 in Long Blades
  3953 | D        | Reached skill level 15 in Axes
  3953 | D        | Reached skill level 15 in Maces & Flails
  3953 | D        | Reached skill level 15 in Staves
  3953 | D        | Reached skill level 15 in Ranged Weapons
  3953 | D        | Reached skill level 15 in Throwing
  3953 | D        | Reached skill level 15 in Dodging
  3953 | D        | Reached skill level 15 in Stealth
  3953 | D        | Reached skill level 15 in Unarmed Combat
  3953 | D        | Reached skill level 15 in Spellcasting
  3953 | D        | Reached skill level 15 in Evocations
  4169 | D        | Got the ring "Seoneemn" {rPois rF- rN+ Dex+6}
  4652 | D        | Noticed a fire giant
  4655 | D        | Noticed a fire giant
  4655 | D        | Noticed an ophan
  4663 | D        | Killed a fire giant
  4663 | D        | Noticed a frost giant
  4666 | D        | Killed a fire giant
  4666 | D        | Noticed a yellow draconian
  4673 | D        | Noticed a fire giant
  4674 | D        | Killed an ophan
  4675 | D        | Killed a frost giant
  4677 | D        | Killed a yellow draconian
  4682 | D        | Killed a fire giant
  4692 | D        | Noticed a red draconian
  4694 | D        | Noticed a frost giant
  4703 | D        | Killed a frost giant
  4712 | D        | Reached XP level 15. HP: 77/134 MP: 10/35
  4724 | D        | Noticed a sphinx
  4734 | D        | Killed a sphinx
  4735 | D        | Noticed a ghost moth
  4748 | D        | Killed a ghost moth
  4802 | D        | Identified the ring "Syttyno" {rElec rC+ rN+ Dex+2 Stlth-}
  5202 | D        | Noticed Mennas
  5203 | D        | Identified the +12 spear "Myet" {speed, Dex+3}
  5221 | D        | Killed Mennas
  5346 | D        | Learned a level 8 spell: Ignition
  5353 | D        | Learned a level 6 spell: Iron Shot
  5365 | D        | Noticed a bone dragon
  5365 | D        | Identified the +6 leather armour of the Guilds {rN+}
  5365 | D        | Noticed a deep elf master archer
  5366 | D        | Noticed a bone dragon
  5386 | D        | Killed a bone dragon
  5390 | D        | Killed a deep elf master archer
  5418 | D        | Killed a bone dragon
  5419 | D        | Reached skill level 15 in Conjurations
  5419 | D        | Reached skill level 15 in Hexes
  5419 | D        | Reached skill level 15 in Summonings
  5419 | D        | Reached skill level 15 in Necromancy
  5419 | D        | Reached skill level 15 in Translocations
  5419 | D        | Reached skill level 15 in Transmutations
  5419 | D        | Reached skill level 15 in Fire Magic
  5419 | D        | Reached skill level 15 in Ice Magic
  5419 | D        | Reached skill level 15 in Air Magic
  5419 | D        | Reached skill level 15 in Earth Magic
  5419 | D        | Reached skill level 15 in Poison Magic
  5631 | D        | Got the +0 cloak of Hosm {rN++ Dex+2}
  5742 | D        | Noticed a golden dragon
  5775 | D        | Killed a golden dragon
  5776 | D        | Reached XP level 16. HP: 127/146 MP: 20/38
  5928 | D        | Got the ring of the Ego {rC- rN+ Will+ Slay+5 Stlth+}
  5932 | D        | Got the +1 helmet of Pexilapi {Contam rN++ Will- Str+8}
  6018 | D        | Got a silver rune of Zot
  6172 | D        | Noticed a titan
  6177 | D        | Killed a titan
  6374 | D        | Noticed Gloorx Vloq
  6376 | D        | Noticed an Executioner
  6380 | D        | Noticed an Executioner
  6380 | D        | Noticed an Executioner
  6382 | D        | Noticed an Executioner
  6382 | D        | Noticed an Executioner
  6382 | D        | Killed Gloorx Vloq
  6619 | D        | Noticed Margery
  6619 | D        | Noticed a titan
  6649 | D        | Killed Margery
  6667 | D        | Killed a titan
  6995 | D        | Noticed an Ice Fiend
  7002 | D        | Killed an Ice Fiend
  7269 | D        | Noticed a lich
  7277 | D        | Killed a lich
  7316 | D        | Noticed a Brimstone Fiend
  7324 | D        | Killed a Brimstone Fiend
  7723 | D        | Noticed a lich
  8086 | D        | Noticed Frances
  8093 | D        | Reached XP level 17. HP: 158/158 MP: 41/41
  8094 | D        | Killed a lich
  8097 | D        | Killed Frances
  8511 | D        | Got Sif Muna's Compilation of Ashen Coordinates
  8545 | D        | Got the Directory of the Vapourous Comitatus
  8616 | D        | Got the ring of the Distant Future {rElec Str+2 Dex+6}
  8618 | D        | Got the ring "Fiam" {rF+ Str+4 Dex+6}
  8620 | D        | Got the ring of Bodily Harmony {Str+6 Dex+5}
  8622 | D        | Got the ring "Ytad" {rF+ rC+}
  8624 | D        | Got the ring of the Magpie {rPois rC- Will+ Dex+6 Stlth+}
  8626 | D        | Got the ring "Bamak" {*Slow EV+6 Str+8 Int+3}
  8629 | D        | Got the ring "Oneutoiczi" {Ice rElec rPois}
  8631 | D        | Got the ring of Jusm {Will+ SInv}
  8633 | D        | Got the ring "Ezitip Yroy" {rPois Str+9 Int-2 Dex+6}
  8635 | D        | Got the ring "Poucluu" {rCorr AC+6}
  8637 | D        | Got the ring of Gaup {Will+ rCorr Dex+2 SInv}
  8639 | D        | Got the ring of Ceilil {Will+ Int+7 SInv}
  8642 | D        | Got the ring of the Tick {Drain rElec rN+ EV+6}
  8644 | D        | Got the ring "Cawu Meu" {rN+ rCorr Str+2 Int+6 Dex+4}
  8672 | D        | Got the amulet "Susigisu" {Spirit Stlth+}
  8674 | D        | Got the amulet of Gyxur {Reflect rF+ SH+5 SInv}
  8676 | D        | Got the ring "Qubail" {rN+ Will+ Str+7}
  8678 | D        | Got the amulet of Qazlal's Whim {Reflect Regen+ Int+4 Dex+2
                  | SH+5 Stlth+}
  8681 | D        | Got the amulet "Netuh" {Reflect -Tele rElec SH+5 SInv}
  8684 | D        | Got the ring of Spite {Wiz *Corrode rF+ rN+ Str+3}
  8686 | D        | Got the ring of Bieraz {rC+ Str+2 Slay+4}
  8689 | D        | Got the amulet "Ruhirchat" {Regen+ rCorr}
  8692 | D        | Got the ring of the Duchess {rCorr Str+4 Dex+2 Stlth+}
  8694 | D        | Got the ring of Rafufudi {Will+ Slay+5}
  8696 | D        | Got the amulet of Gozag's Approval {RegenMP rC+ Str+4}
  8698 | D        | Got the ring "Dosol" {rPois Dex+4}
  8777 | D        | Upgraded the game from 0.30-a0-374-g95c0257040 to
                  | 0.30-a0-377-g5cb311bc9f
  8792 | D        | Noticed an Executioner
  8797 | D        | Killed an Executioner
  8953 | D        | Noticed a pearl dragon
  8958 | D        | Killed a pearl dragon
  9050 | D        | Noticed a Killer Klown
  9066 | D        | Killed a Killer Klown
  9099 | D        | Noticed a Brimstone Fiend
  9105 | D        | Killed a Brimstone Fiend
  9161 | D        | Noticed a pearl dragon
  9165 | D        | Killed a pearl dragon
  9224 | D        | Found the +4 dragonskin cloak
  9224 | D        | Noticed Tiamat
  9231 | D        | HP: 6/160 [white draconian/blast of cold[Tiamat] (20)]
  9260 | D        | Killed Tiamat
 10417 | D        | Noticed a lich
 10423 | D        | Killed a lich
 10558 | D        | Noticed a titan
 10558 | D        | Noticed a quicksilver dragon
 10560 | D        | Noticed a golden dragon
 10563 | D        | Noticed a deep elf master archer
 10566 | D        | Killed a titan
 10567 | D        | Killed a quicksilver dragon
 10569 | D        | Reached XP level 18. HP: 164/170 MP: 44/44
 10574 | D        | Killed a deep elf master archer
 10576 | D        | Killed a golden dragon
 10644 | D        | Noticed a deep elf master archer
 10644 | D        | Noticed a deep elf master archer
 10651 | D        | Killed a deep elf master archer
 10652 | D        | Killed a deep elf master archer
 10832 | D        | Noticed a titan
 10841 | D        | Killed a titan
 10843 | D        | Gained mutation: You occasionally shout uncontrollably at
                  | your foes. [a cacodemon]
 10980 | D        | Noticed a Tzitzimitl
 10983 | D        | Noticed a profane servitor
 10990 | D        | Killed a Tzitzimitl
 10998 | D        | Killed a profane servitor
 11330 | D        | Got the ring "Neawk" {*Slow Fly rElec Int+4}
 11332 | D        | Got the amulet "Finiu" {Spirit *Slow rN+ rCorr Stlth+}
 11334 | D        | Got the amulet "Fewouk" {RegenMP rF+ rN+ Str+2}
 11336 | D        | Got the ring "Forynto" {+Blink rElec rN+ Str+6 Dex+4}
 11338 | D        | Got the ring "Keckel" {rElec Will+ rCorr Dex+6}
 11340 | D        | Got the ring of Xopnautz {Ice Fly rPois Str+4 Stlth+}
 11343 | D        | Got the amulet of Yrchenea {Reflect rPois Dex+3 SH+5}
 11484 | D        | Identified the +1 tower shield of Loed Tya {Rampage Str+2}
 11484 | D        | Noticed Louise
 11500 | D        | Killed Louise
 11517 | D        | Noticed Nuffuss the pandemonium lord
 11518 | D        | Noticed a royal mummy
 11526 | D        | Killed Nuffuss the pandemonium lord
 11529 | D        | Killed a royal mummy
 11542 | D        | Noticed a lich
 11546 | D        | Killed a lich
 11549 | D        | Noticed a titan
 11554 | D        | Killed a titan
 11595 | D        | Noticed a lich
 11604 | D        | Killed a lich
 11710 | D        | Noticed Jory
 11726 | D        | Killed Jory
 11852 | D        | Noticed an electric golem
 11860 | D        | Noticed a bone dragon
 11860 | D        | Noticed an electric golem
 11861 | D        | Killed an electric golem
 11867 | D        | Killed an electric golem
 11869 | D        | Noticed a royal mummy
 11869 | D        | Noticed a royal mummy
 11881 | D        | Killed a bone dragon
 11887 | D        | Noticed a curse toe
 11887 | D        | Noticed a pearl dragon
 11890 | D        | Killed a pearl dragon
 11890 | D        | Noticed a pearl dragon
 11894 | D        | Killed a royal mummy
 11904 | D        | Killed a royal mummy
 11905 | D        | Reached skill level 27 in Unarmed Combat
 11908 | D        | Killed a curse toe
 11909 | D        | Noticed a titan
 11910 | D        | Killed a pearl dragon
 11915 | D        | Killed a titan
 12248 | D        | Found the +8 Wrath of Trog {antimagic, *Rage Rampage}
 12263 | D        | Got the ring of the Fabulous God {rElec rCorr Str+6 Dex+2}
 12269 | D        | Got the +2 pair of boots of Generosity {Dex+3}
 12277 | D        | Got the amulet "Ylledgh" {rPois Regen+ Str-2 SInv Stlth-}
 12305 | D        | Got an iron rune of Zot
 12307 | D        | Got the ring "Viukufek" {rPois rC+ rCorr Str+4 Int-3}
 12309 | D        | Got the ring "Eniowenwo" {rC- Str+6 Dex+7}
 12311 | D        | Got the ring "Daeppaab" {Int+4 Slay+4}
 12321 | D        | Got the ring of Ydwynn {Wiz rPois rC+ Int+3}
 12326 | D        | Got the ring "Ymiry" {rC+ Will+ Str+2}
 12328 | D        | Got the ring of Ocamac {rElec Dex+6}
 12332 | D        | Got the ring "Taecwunu" {rPois rCorr Str+4 Dex+2 Slay+4}
 12415 | D        | Found the +18 shield of the Gong {rElec rN+ Will+ EV-5}
 12415 | D        | Identified the +8 tower shield of Bitterness {Str+2}
 12415 | D        | Noticed a pearl dragon
 12431 | D        | Reached XP level 19. HP: 165/182 MP: 47/47
 12970 | D        | Reached skill level 27 in Invocations
 13233 | D        | Identified the ring "Seanad" {Ice Int+6 Dex+4}
 13569 | D        | Killed a pearl dragon
 13641 | D        | Identified the +7 dagger "Gezemueve" {vorpal, Fragile rC+
                  | Will+ Str+2}
 13673 | D        | Identified the +1 chain mail of Plasticity {rC++ Int+3}
 14083 | D        | Identified the amulet "Uneha" {Spirit Regen+ Str-3 Int+6
                  | SInv}
 14697 | D        | Got a golden rune of Zot
 14713 | D        | Got the Almanac of Dimensional Rallying
 14785 | D        | Lost mutation: You occasionally shout uncontrollably at
                  | your foes. [potion of mutation]
 14785 | D        | Gained mutation: You occasionally lose the ability to read
                  | scrolls when taking damage. [potion of mutation]
 14786 | D        | Lost mutation: You occasionally lose the ability to read
                  | scrolls when taking damage. [potion of mutation]
 14786 | D        | Gained mutation: Your flesh is cold resistant. (rC+)
                  | [potion of mutation]
 14786 | D        | Gained mutation: Your system is resistant to poisons.
                  | (rPois) [potion of mutation]
 14786 | D        | Gained mutation: You occasionally shout uncontrollably at
                  | your foes. [potion of mutation]
 14786 | D        | Gained mutation: Your mind is acute. (Int +4, Str/Dex -1)
                  | [potion of mutation]
 14934 | D        | Learned a level 9 spell: Chain Lightning
 14937 | D        | Learned a level 2 spell: Blink
 14942 | D        | Learned a level 4 spell: Manifold Assault
 14950 | D        | Learned a level 7 spell: Dragon Form
 14960 | D        | Learned a level 9 spell: Dragon's Call
 14966 | D        | Learned a level 5 spell: Silence
 15152 | D        | Found the +6 sword of Cerebov {flame}
 15152 | D        | Noticed Cerebov
 15153 | D        | Noticed an ancient lich
 15154 | D        | Noticed a tentacled monstrosity
 15161 | D        | Killed an ancient lich
 15161 | D        | Killed a tentacled monstrosity
 15162 | D        | Reached skill level 27 in Fighting
 15162 | D        | Reached skill level 27 in Armour
 15162 | D        | Reached skill level 27 in Shields
 15162 | D        | Reached XP level 20. HP: 197/197 MP: 16/50
 15180 | D        | Killed Cerebov
 15181 | D        | Reached skill level 27 in Polearms
 15676 | D        | Noticed Dissolution
 15683 | D        | Reached skill level 27 in Short Blades
 15683 | D        | Reached skill level 27 in Long Blades
 15683 | D        | Reached skill level 27 in Axes
 15683 | D        | Reached skill level 27 in Maces & Flails
 15683 | D        | Reached skill level 27 in Staves
 15683 | D        | Reached skill level 27 in Ranged Weapons
 15683 | D        | Reached skill level 27 in Throwing
 15683 | D        | Reached skill level 27 in Dodging
 15683 | D        | Reached skill level 27 in Stealth
 15683 | D        | Reached skill level 27 in Spellcasting
 15683 | D        | Reached skill level 27 in Evocations
 15684 | D        | Noticed the 27-headed Lernaean hydra
 15692 | D        | Killed the 23-headed Lernaean hydra
 15693 | D        | Killed Dissolution
 15993 | D        | Learned a level 8 spell: Maxwell's Capacitive Coupling
 16010 | D        | Noticed an electric golem
 16037 | D        | Noticed an ancient lich
 16039 | D        | Noticed a Brimstone Fiend
 16042 | D        | Killed an electric golem
 16044 | D        | Noticed Nikola
 16047 | D        | Killed a Brimstone Fiend
 16047 | D        | Killed an ancient lich
 16052 | D        | Killed Nikola
 16344 | D        | Noticed Mara
 16354 | D        | Killed Mara
 16392 | D        | Noticed a golden dragon
 16403 | D        | Noticed an ancient lich
 16407 | D        | Killed an ancient lich
 16412 | D        | Killed a golden dragon
 16498 | D        | Noticed a royal mummy
 16503 | D        | Noticed an electric golem
 16513 | D        | Killed an electric golem
 16514 | D        | Reached XP level 21. HP: 192/204 MP: 36/52
 16514 | D        | Killed a royal mummy
 16514 | D        | Noticed the Royal Jelly
 16519 | D        | Killed the Royal Jelly
 16520 | D        | Reached skill level 27 in Conjurations
 16520 | D        | Reached skill level 27 in Hexes
 16520 | D        | Reached skill level 27 in Summonings
 16520 | D        | Reached skill level 27 in Necromancy
 16520 | D        | Reached skill level 27 in Translocations
 16520 | D        | Reached skill level 27 in Transmutations
 16520 | D        | Reached skill level 27 in Fire Magic
 16520 | D        | Reached skill level 27 in Ice Magic
 16520 | D        | Reached skill level 27 in Air Magic
 16520 | D        | Reached skill level 27 in Earth Magic
 16520 | D        | Reached skill level 27 in Poison Magic
 16665 | D        | Noticed a royal mummy
 16673 | D        | Killed a royal mummy
 16751 | D        | Noticed Leibiwat the pandemonium lord
 16757 | D        | Killed Leibiwat the pandemonium lord
 16979 | D        | Noticed a Killer Klown
 16987 | D        | Noticed a royal mummy
 16995 | D        | Killed a Killer Klown
 17119 | D        | Noticed a Killer Klown
 17119 | D        | Noticed a pearl dragon
 17121 | D        | Noticed Xtahua
 17122 | D        | Killed a royal mummy
 17122 | D        | Killed a pearl dragon
 17122 | D        | Killed Xtahua
 17122 | D        | Killed a Killer Klown
 17162 | D        | Noticed a Killer Klown
 17237 | D        | a Killer Klown changed into a juggernaut
 17237 | D        | Noticed a juggernaut
 17240 | D        | Noticed a curse toe
 17248 | D        | Killed a juggernaut
 17256 | D        | Killed a curse toe
 17387 | D        | Noticed an orb of fire
 17406 | D        | Gained mutation: Armour fits poorly on your strangely
                  | shaped body. [an orb of fire]
 17407 | D        | Killed an orb of fire
 17554 | D        | Got the Orb of Zot
 17556 | D        | Noticed a seraph
 17578 | D        | Killed a seraph
 17683 | D        | Escaped with the Orb!

Illustrated notes

Levels and vault maps discovered:
D:        pitsprint [storerooms_1, entrance_room_1, metal_vault_1, armoury_1,
          mini_pit_1, grid_room_1, main_hall_1, silver_pit, the_coven_1,
          the_vestibule_1, steel_vault_2, golden_pit, hallway_of_sentries,
          crystal_vault_4, iron_vault_4, final_vault]

Skill      XL: |  1  2  3  4  5  6  7  8  9 10 11 12 13 14 15 16 17 18 19 20 21 |
---------------+----------------------------------------------------------------+-----
Fighting       | 7 8 9 10 12 13 14 15 17 19 21 22 24 27 | 27.0
Short Blades   | 3 4 5 6 7 8 10 11 12 14 16 18 20 22 24 26 27 | 27.0
Long Blades    | 3 4 5 6 7 8 10 11 12 14 16 18 20 22 24 26 27 | 27.0
Axes           | 3 4 5 6 7 8 10 11 12 14 16 18 20 22 24 26 27 | 27.0
Maces & Flails | 3 4 5 6 7 8 10 11 12 14 16 18 20 22 24 26 27 | 27.0
Polearms       | 5 6 7 8 9 11 12 13 15 16 18 20 22 24 26 27 | 27.0
Staves         | 3 4 5 6 7 8 10 11 12 14 16 18 20 22 24 26 27 | 27.0
Ranged Weapons | 3 4 5 6 7 8 10 11 12 14 16 18 20 22 24 26 27 | 27.0
Throwing       | 3 4 5 6 7 8 10 11 12 14 16 18 20 22 24 26 27 | 27.0
Armour         | 7 8 9 10 12 13 14 15 17 19 21 22 24 27 | 27.0
Dodging        | 3 4 5 6 7 8 10 11 12 14 16 18 20 22 24 26 27 | 27.0
Stealth        | 3 4 5 6 7 8 10 11 12 14 16 18 20 22 24 26 27 | 27.0
Shields        | 7 8 9 10 12 13 14 15 17 19 21 22 24 27 | 27.0
Unarmed Combat | 3 4 5 6 7 8 10 11 12 14 16 18 20 23 27 | 27.0
Spellcasting   | 3 4 5 6 7 8 10 11 12 14 16 18 20 22 24 26 27 | 27.0
Conjurations   | 2 3 4 5 6 7 8 9 11 12 13 15 17 19 20 22 26 27 | 27.0
Hexes          | 2 3 4 5 6 7 8 9 11 12 13 15 17 19 20 22 26 27 | 27.0
Summonings     | 2 3 4 5 6 7 8 9 11 12 13 15 17 19 20 22 26 27 | 27.0
Necromancy     | 2 3 4 5 6 7 8 9 11 12 13 15 17 19 20 22 26 27 | 27.0
Translocations | 2 3 4 5 6 7 8 9 11 12 13 15 17 19 20 22 26 27 | 27.0
Transmutations | 2 3 4 5 6 7 8 9 11 12 13 15 17 19 20 22 26 27 | 27.0
Fire Magic     | 2 3 4 5 6 7 8 9 11 12 13 15 17 19 20 22 26 27 | 27.0
Ice Magic      | 2 3 4 5 6 7 8 9 11 12 13 15 17 19 20 22 26 27 | 27.0
Air Magic      | 2 3 4 5 6 7 8 9 11 12 13 15 17 19 20 22 26 27 | 27.0
Earth Magic    | 2 3 4 5 6 7 8 9 11 12 13 15 17 19 20 22 26 27 | 27.0
Poison Magic   | 2 3 4 5 6 7 8 9 11 12 13 15 17 19 20 22 26 27 | 27.0
Invocations    | 3 5 7 8 9 11 12 14 15 17 19 21 23 26 27 | 27.0
Evocations     | 3 4 5 6 7 8 10 11 12 14 16 18 20 22 24 26 27 | 27.0

Action                   |  1- 3 |  4- 6 |  7- 9 | 10-12 | 13-15 | 16-18 | 19-21 || total
-------------------------+-------+-------+-------+-------+-------+-------+-------++-------
Melee: Trident           |     4 |    50 |    82 |    66 |       |       |       ||   202
       Bite              |       |     4 |    13 |    20 |    88 |   120 |   104 ||   349
       Eveningstar       |       |       |       |    71 |   444 |   104 |       ||   619
       Broad axe         |       |       |       |       |     3 |   416 |   303 ||   722
       Demon trident     |       |       |       |       |       |       |   337 ||   337
       Eudemon blade     |       |       |       |       |       |       |    18 ||    18
Throw: Javelin           |       |       |       |       |       |       |    15 ||    15
 Cast: Ignition          |       |       |       |       |       |       |    16 ||    16
       Chain Lightning   |       |       |       |       |       |       |     4 ||     4
Invok: Slouch            |       |       |     2 |    20 |    30 |    32 |    20 ||   104
       Bend Time         |       |       |       |     1 |       |       |       ||     1
Evoke: Lightning rod     |       |       |       |       |     2 |       |       ||     2
       Condenser vane    |       |       |       |       |       |       |     2 ||     2
  Use: Potion            |       |       |     2 |     2 |     8 |     8 |    13 ||    33
       Scroll            |       |       |       |       |       |    10 |     5 ||    15
 Stab: Invisible         |       |       |       |     9 |       |       |       ||     9
       Petrified         |       |       |       |       |    11 |       |       ||    11
       Petrifying        |       |       |       |       |     3 |       |       ||     3
       Sleeping          |       |       |       |       |       |     1 |       ||     1
       Distracted        |       |       |       |       |       |       |     5 ||     5
Armor: Scale mail        |       |    20 |       |       |       |       |       ||    20
       Plate armour      |       |    10 |    39 |    37 |    95 |       |       ||   181
       Gold dragon scale |       |       |       |       |   124 |   163 |   101 ||   388
Dodge: Dodged            |       |    45 |    41 |    83 |   222 |   305 |   195 ||   891
Block: Buckler           |       |    22 |    30 |    41 |       |       |       ||    93
       Kite shield       |       |       |       |    12 |   323 |   288 |   149 ||   772
       Reflection        |       |       |       |     2 |    21 |    20 |    66 ||   109
       Tower shield      |       |       |       |       |       |   163 |   508 ||   671

Table legend: (Time is in decaauts) A = Elapsed time spent in this place. B = Non-inter-level travel time spent in this place. C = Inter-level travel time spent in this place. D = Time resting spent in this place. E = Time spent auto-exploring this place. F = Levels seen in this place. G = Mean time per level. A B C D E F G +--------+--------+--------+--------+--------+-----+--------+ Total | 20760 | 19720 | 1040 | 11144 | 0 | 1 | 20760.0 | Dungeon | 20760 | 19720 | 1040 | 11144 | 0 | 1 | 20760.0 | +--------+--------+--------+--------+--------+-----+--------+

Top non-repeatable levels by time:
       D: 20760 daAuts
